 Dungeon Crawl Stone Soup version 0.23-a0-446-g036aa52d93 (webtiles) character file.

806 Hercules1031 the Chopper (level 7, 0/60 HPs)
             Began as a Green Draconian Fighter on Nov 18, 2018.
             Was a Priest of Cheibriados.
             Slain by an orc wizard
             ... wielding a +0 whip
              (3 damage)
             ... on level 4 of the Dungeon.
             The game lasted 00:12:54 (3354 turns).

Hercules1031 the Chopper (Green Draconian Fighter)  Turns: 3354, Time: 00:12:54

Health: 0/60       AC:  6    Str: 29    XL:     7   Next: 60%
Magic:  7/7        EV: 13    Int: 16    God:    Cheibriados [***...]
Gold:   161        SH: 11    Dex: 18    Spells: 6/6 levels left

rFire    . . .     SeeInvis .   p - +3 hand axe
rCold    . . .     Gourm    .   b - +0 shield
rNeg     . . .     Faith    .   (armour unavailable)
rPois    +         Spirit   .   (helmet restricted)
rElec    .         Reflect  .   (no cloak)
rCorr    .         Harm     .   (no gloves)
MR       .....                  (no boots)
Stlth    ++........             (no amulet)
HPRegen  0.20/turn              (no ring)
MPRegen  0.10/turn              (no ring)

@: very slow
A: breathe noxious fumes, unfitting armour, poison resistance, cold-blooded, AC
+6
a: Breathe Noxious Fumes, Bend Time, Temporal Distortion, Renounce Religion


You were on level 4 of the Dungeon.
You worshipped Cheibriados.
Cheibriados was most pleased with you.
You were not hungry.

You visited 1 branch of the dungeon, and saw 4 of its levels.

You collected 161 gold pieces.

Inventory:

Hand Weapons
 a - a +0 war axe
 p - a +3 hand axe (weapon)
Armour
 b - a +0 shield (worn)
Jewellery
 e - an uncursed amulet of rage
Wands
 m - a wand of flame (14)
Scrolls
 g - a scroll of enchant weapon {unknown}
 h - 3 scrolls of identify
 j - a scroll of magic mapping {unknown}
 k - a scroll of amnesia {unknown}
 l - 3 scrolls of remove curse {unknown}
 n - a scroll of random uselessness {unknown}
Potions
 c - a potion of might
 f - a potion of flight
 o - a potion of lignification {unknown}
Comestibles
 d - 6 rations


   Skills:
 + Level 4.9 Fighting
 + Level 5.5 Axes
 * Level 4.4 Dodging
 - Level 1.0 Stealth
 + Level 5.0 Shields


You had 6 spell levels left.
You didn't know any spells.
Your spell library was empty.

Dungeon Overview and Level Annotations

Branches:
Dungeon (4/15)
 Temple: D:4-7

Altars:
Ashenzari
Cheibriados
Fedhas


Innate Abilities, Weirdness & Mutations

You can breathe blasts of noxious fumes.
Your lurid green scales are hard. (AC +6)
You cannot fit into any form of body armour.
Your system is resistant to poisons. (rPois)
You are cold-blooded and may be slowed by cold attacks.


Message History

You barely miss something. The orc priest barely misses you.
You closely miss the orc priest.
You tail-slap the orc priest, but do no damage.
The orc priest is lightly wounded.
You hit something.
An orc wizard appears from thin air!
Reactivating autopickup.
You block the orc wizard's attack.
The orc priest calls down the wrath of Beogh upon you.
Pain shoots through your body!
* * * LOW HITPOINT WARNING * * *
The orc wizard closely misses you.
Unknown command.
You slash the orc priest! You tail-slap the orc priest.
You kill the orc priest!
Cheibriados appreciates the change of pace.
You hit the orc wizard. You block the orc wizard's attack.
You closely miss the orc wizard.
The orc wizard is severely wounded.
The orc wizard hits you with a +0 whip.
You die...

....> ... ... ..# #.#
.#### #####.##.#..#
###.......>..#####
#.o.###.##........
#@####............
.......)# #.#..........
.........###.#..........
.....###................
..... ......#..........
...# #.##..#......[...
### #..##............
#####..#.###...)....
#####......#.#
####รท).##


You could see an orc wizard.

Vanquished Creatures
  An ogre (D:4)
  A scorpion (D:3)
  2 wights (D:4)
  4 orc wizards (D:4)
  A gnoll shaman (D:3)
  2 orc priests (D:4)
  A centaur skeleton (D:3)
  Ijyb (D:3)
  An iguana (D:4)
  A worker ant (D:4)
  A hound zombie (D:3)
  A hound skeleton (D:4)
  2 worker ant zombies (D:3)
  5 gnolls (D:3)
  8 adders
  An ooze (D:1)
  2 adder skeletons (D:3)
  2 worms
  2 leopard geckos
  16 orcs
  6 giant cockroaches
  5 goblins
  6 hobgoblins
  2 jackals (D:1)
  A quokka (D:3)
  A ball python zombie (D:3)
  9 bats
  4 frilled lizards
  3 jackal skeletons
  A jackal zombie (D:3)
  8 kobolds
  7 rats
108 creatures vanquished.

Notes
Turn   | Place    | Note
-------+----------+-------------------------------------------
     0 | D:1      | Hercules1031 the Draconian Fighter began the quest for the
                  | Orb.
     0 | D:1      | Reached XP level 1. HP: 19/19 MP: 1/1
    46 | D:1      | Reached XP level 2. HP: 15/26 MP: 2/2
  1014 | D:2      | Reached XP level 3. HP: 22/33 MP: 3/3
  1166 | D:2      | Found a shattered altar of Ashenzari.
  1601 | D:2      | Found a faded altar of an unknown god.
  1604 | D:2      | Became a worshipper of Cheibriados the Contemplative
  1604 | D:2      | Reached * piety under Cheibriados
  1903 | D:3      | Found a blossoming altar of Fedhas.
  1938 | D:3      | Noticed Ijyb
  1944 | D:3      | Reached XP level 4. HP: 36/40 MP: 4/4
  1954 | D:3      | Killed Ijyb
  2313 | D:3      | Reached XP level 5. HP: 26/46 MP: 5/5
  2445 | D:3      | Reached ** piety under Cheibriados
  2543 | D:3      | Reached XP level 6. HP: 29/52 MP: 6/6
  3033 | D:4      | Reached skill level 5 in Axes
  3040 | D:4      | Reached *** piety under Cheibriados
  3042 | D:4      | Reached skill level 1 in Stealth
  3042 | D:4      | Your scales start taking on a lurid green colour.
  3042 | D:4      | Reached XP level 7. HP: 17/60 MP: 7/7
  3042 | D:4      | Gained mutation: Your system is resistant to poisons.
                  | (rPois) [Green Draconian growth]
  3349 | D:4      | Reached skill level 5 in Shields
  3352 | D:4      | HP: 3/60 [orc priest/nerve-wracking pain (11)]
  3354 | D:4      | Slain by an orc wizard

Vault maps used:
D:1:      giann_horns
D:2:      chequers_ecumenical_altar_grove, first_ration, ashenzari_altar_1
D:3:      fedhas_altar_2, serial_undead, serial_undead_d, serial_undead_f,
          serial_undead_d, serial_undead_d, serial_undead_a, serial_undead_a,
          minivault_26, uniq_ijyb
D:4:      old_standard_altar, kennysheep_mini

Skill      XL: |  1  2  3  4  5  6  7 |
---------------+----------------------+-----
Dodging        | 3 4 |  4.4
Axes           | 3 4 5 |  5.5
Fighting       | 4 |  4.9
Shields        | 4 5 |  5.0
Stealth        | 1 |  1.0

Action                   |  1- 3 |  4- 6 |  7- 9 || total
-------------------------+-------+-------+-------++-------
Melee: War axe           |   104 |   129 |       ||   233
       Tailslap          |     4 |    23 |    13 ||    40
       Hand axe          |       |       |    45 ||    45
  Use: Potion            |       |     6 |     1 ||     7
       Scroll            |       |     1 |       ||     1
 Stab: Sleeping          |     1 |       |       ||     1
  Eat: Ration            |     1 |     1 |       ||     2
Armor: Skin              |    29 |    46 |     7 ||    82
Dodge: Dodged            |    43 |    90 |    22 ||   155
Block: Shield            |    74 |   102 |    25 ||   201

Table legend:
 A = Non-vault XP
 B = Vault XP
 C = Vault XP percentage of total XP
 D = Non-vault monster count
 E = Vault monster count
 F = Vault count percentage of total count
                 A         B        C        D         E       F
            +---------+---------+-------+---------+---------+-------
      Total |    1015 |     137 |  11.9 |      98 |      10 |   9.3
            +---------+---------+-------+---------+---------+-------
        D:1 |      37 |       0 |   0.0 |      20 |       0 |   0.0
        D:2 |      58 |       0 |   0.0 |      20 |       0 |   0.0
        D:3 |     271 |     137 |  33.6 |      27 |      10 |  27.0
        D:4 |     649 |       0 |   0.0 |      31 |       0 |   0.0
            +---------+---------+-------+---------+---------+-------
